 Dungeon Crawl Stone Soup version 0.31-a0-765-g67fe2935dc (webtiles) character file.

Game seed: 5835021914757419695

1157 LeprechaunX the Changeling (level 8, -9/54 HPs)
             Began as an Octopode Shapeshifter on Sept 15, 2023.
             Was an Initiate of Hepliaklqana.
             Mangled by a wight
             ... wielding a +0 halberd
              (14 damage)
             ... on level 6 of the Dungeon.
             The game lasted 00:04:01 (5081 turns).

LeprechaunX the Changeling (Octopode Shapeshifter)  Turns: 5081, Time: 00:04:02

Health: -9/54      AC:  1    Str: 21    XL:     8   Next: 39%
Magic:  11/11      EV: 13    Int: 12    God:    Hepliaklqana [......]
Gold:   261        SH:  0    Dex: 12    Spells: 8/11 levels left

rFire   . .          .
                       - Unarmed
rCold   . . .        (no shield)
rNeg    . . .        (helmet currently unavailable)
rPois   .            (no amulet)
rElec   .            k - +6 ring of strength
rCorr   .            (no ring)
SInv    .            (no ring)
Will    .....        (no ring)
Stlth   ++           (no ring)
HPRegen 0.29/turn    (no ring)
MPRegen 0.12/turn    (no ring)
                     (no ring)

%: no passive effects
@: beast-form
A: beast (slay +3), almost no armour, amphibious, 8 rings, camouflage 1,
gelatinous body 1, (nimble swimmer 1), tentacles
a: Begin Untransformation, Renounce Religion


You were on level 6 of the Dungeon.
You worshipped Hepliaklqana.
Hepliaklqana was noncommittal.
You were a hulking beast.
You visited 2 branches of the dungeon, and saw 7 of its levels.

You collected 261 gold pieces.

Inventory:

Hand Weapons
 a - a +0 shortbow
Jewellery
 k - a +6 ring of strength (left tentacle)
Talismans
 b - a beast talisman (active)
 c - a flux talisman
Wands
 j - a wand of paralysis (4)
Scrolls
 f - 2 scrolls of butterflies {unknown}
 g - a scroll of enchant weapon {unknown}
 h - 2 scrolls of teleportation {unknown}
 l - a scroll of fog {unknown}
 n - a scroll of amnesia {unknown}
 o - a scroll of brand weapon {unknown}
Potions
 d - 2 potions of curing
 e - 2 potions of magic {unknown}
 i - a potion of attraction {unknown}
 m - 4 potions of heal wounds {unknown}
 p - a potion of degeneration {unknown}
 q - a potion of lignification


   Skills:
 + Level 4.0 Fighting
 - Level 3.2 Dodging
 + Level 5.0 Unarmed Combat
 + Level 2.4 Spellcasting
 + Level 2.7 Ice Magic
 * Level 6.1 Shapeshifting


You had 8 spell levels left.
You knew the following spells:

 Your Spells              Type           Power      Damage    Failure   Level
a - Ozocubu's Armour      Ice            8%         N/A       26%         3

Your spell library contained the following spells:

 Spells                   Type           Power      Damage    Failure   Level
 Ozocubu's Refrigeration  Ice            4%         4d8       100%        7


Dungeon Overview and Level Annotations

Branches:
Dungeon (6/15)             Temple (1/1) D:5

Altars:
Ashenzari
Cheibriados
Dithmenos
Elyvilon
Fedhas
Gozag
Hepliaklqana
Kikubaaqudgha
Makhleb
Nemelex Xobeh
Okawaru
Qazlal
Ru
Sif Muna
Trog
Uskayaw
Vehumet
Wu Jian
Xom
Yredelemnul
Zin
The Shining One


Innate Abilities, Weirdness & Mutations

You are a hulking beast.
Your limbs bulge with bestial killing power. (Slay +3)
You cannot wear most types of armour.
You are amphibious.
You can wear up to eight rings at the same time.
Your skin changes colour to match your surroundings (Stealth+).
Your rubbery body absorbs attacks. (AC +1, EV +1)
((You are camouflaged when in or above water. (Stealth+)))
You have tentacles for arms and can constrict up to eight enemies at once.


Message History

The hound is heavily wounded.
The shadow imp hits you. The hound bites you.
You miss the hound. Your grab misses the hound.
The hound is heavily wounded.
The hound bites you. The shadow imp gestures at you.
Pain shoots through your body!
You are too injured to fight recklessly!
You are too injured to fight recklessly!
You are too injured to fight recklessly!
You are too injured to fight recklessly!
You are too injured to fight recklessly!
You are too injured to fight recklessly!
You are too injured to fight recklessly!
You are too injured to fight recklessly!
You are too injured to fight recklessly!
You are too injured to fight recklessly!
You are too injured to fight recklessly!
You are too injured to fight recklessly!
You are too injured to fight recklessly!
You are too injured to fight recklessly!
You are too injured to fight recklessly!
You are too injured to fight recklessly!
You are too injured to fight recklessly!
Unknown command.
The hound attacks as it pursues you! The hound bites you.
The shadow imp attacks as it pursues you!
The shadow imp barely misses you. The hound barely misses you.
The hound attacks as it pursues you! The hound closely misses you.
The wight attacks as it pursues you!
The wight hits you from afar with a +0 halberd.
The wight attacks as it pursues you!
The wight hits you from afar with a +0 halberd!
* * * LOW HITPOINT WARNING * * *
The hound misses you.
You tentacle-slap the hound. You grab the hound.
The hound is heavily wounded.
You constrict the hound. The hound barely misses you.
The wight hits you from afar with a +0 halberd!
You die...

#.# #.######.# #.#
........#.####.##
...........##...)#
...........##.##.#
.................#
...........#.#.#<# #
...........#.#.###.#
........5h...#.....#
(.......h#.......###
........z#.........#
.........#.).....#.#
.........#.......#..
.........#..........
##..##..#####......#
#... .... #......#
... ..... #......#


You could see a hound, a wight and a shadow imp.

Vanquished Creatures
  A black bear (D:4)
  3 ogres
  A centaur (D:5)
  A phantom (D:6)
  2 scorpions
  A howler monkey (D:4)
  4 hounds
  An orc priest (D:5)
  A jelly (D:4)
  3 iguanas
  2 sleepcaps
  A gnoll (D:1)
  8 adders
  A shadow imp (D:5)
  3 ufetubi
  A worm (D:4)
  3 dart slugs
  18 orcs
  8 ball pythons
  6 bats
  5 endoplasms
  2 giant cockroaches (D:1)
  7 goblins
  4 hobgoblins
  3 kobolds
  A quokka (D:1)
  4 frilled lizards
  8 rats
103 creatures vanquished.

Notes
Turn   | Place    | Note
-------+----------+-------------------------------------------
     0 | D:1      | LeprechaunX the Octopode Shapeshifter began the quest for
                  | the Orb.
     0 | D:1      | Reached XP level 1. HP: 13/13 MP: 1/1
   123 | D:1      | Reached XP level 2. HP: 5/18 MP: 2/2
   351 | D:1      | Reached XP level 3. HP: 5/23 MP: 3/3
  1146 | D:2      | Reached XP level 4. HP: 3/29 MP: 4/4
  2001 | D:4      | Reached skill level 4 in Shapeshifting
  2001 | D:4      | Reached XP level 5. HP: 16/34 MP: 5/5
  2512 | D:4      | Reached XP level 6. HP: 19/41 MP: 6/6
  2516 | D:4      | Learned a level 3 spell: Ozocubu's Armour
  2936 | D:4      | Reached skill level 1 in Ice Magic
  3006 | D:4      | Noticed a black bear
  3013 | D:4      | Killed a black bear
  3014 | D:4      | Reached skill level 1 in Spellcasting
  3014 | D:4      | Reached skill level 5 in Shapeshifting
  3014 | D:4      | Reached XP level 7. HP: 30/46 MP: 8/8
  3287 | D:4      | Found a bloodstained altar of Trog.
  3473 | D:5      | Entered Level 5 of the Dungeon
  4001 | D:5      | Reached XP level 8. HP: 41/54 MP: 9/11
  4163 | D:5      | Found a staircase to the Ecumenical Temple.
  4185 | Temple   | Entered the Ecumenical Temple
  4201 | Temple   | Became a worshipper of Hepliaklqana the Forgotten
  4504 | D:5      | Reached skill level 6 in Shapeshifting
  5046 | D:6      | Reached skill level 5 in Unarmed Combat
  5081 | D:6      | Mangled by a wight

Illustrated notes

Levels and vault maps discovered:
D:1:      lightli_arrival_quake, layout_loops_cross
D:2:      layout_loops_ring
D:3:      layout_rooms
D:4:      layout_basic, trog_book, minmay_unequal
D:5:      layout_basic, minmay_temple_entry_poolview, grunt_ministairs_4
D:6:      layout_basic, st_stairs_5
Temple:   roderic_octagonal_lattice_temple

Skill      XL: |  1  2  3  4  5  6  7  8 |
---------------+-------------------------+-----
Fighting       | 2 3 4 |  4.0
Shapeshifting  | 4 5 6 |  6.1
Dodging        | 3 |  3.2
Unarmed Combat | 4 5 |  5.0
Ice Magic      | 1 2 |  2.7
Spellcasting   | 1 2 |  2.4

Action                     |  1- 3 |  4- 6 |  7- 9 || total
---------------------------+-------+-------+-------++-------
  Melee: Unarmed           |    56 |    92 |    79 ||   227
         Constrict         |    13 |    17 |    21 ||    51
         Tentacles         |    12 |    13 |    30 ||    55
         Punch             |       |     2 |     5 ||     7
    Use: Potion            |       |     1 |       ||     1
   Stab: Sleeping          |     8 |     4 |     1 ||    13
 Armour: Skin              |    33 |    43 |    44 ||   120
  Dodge: Dodged            |    20 |    63 |    49 ||   132

Table legend: (Time is in decaauts)
 A = Elapsed time spent in this place.
 B = Non-inter-level travel time spent in this place.
 C = Inter-level travel time spent in this place.
 D = Time resting spent in this place.
 E = Time spent auto-exploring this place.
 F = Levels seen in this place.
 G = Mean time per level.
                   A        B        C        D        E       F      G
               +--------+--------+--------+--------+--------+-----+--------+
         Total |   5063 |   4855 |    208 |    232 |   4021 |   7 |  723.3 |
       Dungeon |   5030 |   4853 |    177 |    232 |   4021 |   6 |  838.3 |
        Temple |     32 |      1 |     31 |      0 |      0 |   1 |   32.0 |
               +--------+--------+--------+--------+--------+-----+--------+

Top non-repeatable levels by time:
     D:4: 1591 daAuts
     D:5: 1424 daAuts
     D:1: 775 daAuts
     D:2: 722 daAuts
     D:3: 468 daAuts
     D:6: 48 daAuts
  Temple: 32 daAuts
